 Dungeon Crawl Stone Soup version 0.22-a0-351-g29664b4 (webtiles) character file.

708 Amnesiac the Ducker (level 7, 0/58 HPs)
             Began as a Spriggan Berserker on Apr 12, 2018.
             Was a Priest of Trog.
             Succumbed to an adder's poison
             ... on level 4 of the Dungeon.
             The game lasted 00:06:22 (4745 turns).

Amnesiac the Ducker (Spriggan Berserker)            Turns: 4745, Time: 00:06:22

Health: 0/58       AC: 23    Str: 15    XL:     7   Next: 40%
Magic:  8/8        EV:  4    Int: 14    God:    Trog [***...]
Gold:   143        SH:  0    Dex: 15    Spells: 6/6 levels left

rFire    . . .     SeeInvis +   a - +0 short sword
rCold    . . .     Gourm    .   (shield restricted)
rNeg     + + +     Faith    .   (armour currently unavailable)
rPois    +         Spirit   .   (helmet currently unavailable)
rElec    .         Reflect  .   (cloak currently unavailable)
rCorr    .         Harm     .   (gloves unavailable)
MR       +....     NoTele   +   (boots unavailable)
Stlth    +.........             m - amulet of the acrobat
HPRegen  0.19/turn              (no ring)
MPRegen  0.11/turn              (no ring)

@: brilliant, lethally poisoned (0 -> -5), tree-form, berserk cooldown, slowed,
very slow
A: very small, unfitting armour, see invisible, herbivore, slow metabolism 2
a: Berserk, Trog's Hand, Renounce Religion


You were on level 4 of the Dungeon.
You worshipped Trog.
Trog was most pleased with you.
You were not hungry.
You were a tree.
You visited 1 branch of the dungeon, and saw 4 of its levels.

You collected 143 gold pieces.

Inventory:

Hand Weapons
 a - a +0 short sword (weapon)
 b - a +0 hunting sling
Missiles
 c - 69 bolts
 g - 17 poisoned needles
 i - 61 stones (quivered)
 j - 5 sling bullets
Armour
 e - a cursed +0 robe (melded)
Jewellery
 m - an amulet of the acrobat (around neck)
Scrolls
 h - a scroll of identify {!r}
 k - a scroll of fog {!r}
 l - 2 scrolls of remove curse {!r, unknown}
 n - 3 scrolls of amnesia {!r, unknown}
 o - a scroll of teleportation {!r, unknown}
Potions
 d - a potion of berserk rage {!q}


   Skills:
 * Level 5.9 Fighting
 - Level 4.0 Short Blades
 + Level 7.8 Dodging


You had 6 spell levels left.
You didn't know any spells.

Dungeon Overview and Level Annotations

Branches:
Dungeon (4/15)
 Temple: D:4-7

Altars:

Shops:
D:4 %


Innate Abilities, Weirdness & Mutations

You are very small and have problems with some larger weapons.
You are too small for most types of armour.
You have supernaturally acute eyesight. (SInv)
You are a herbivore.
((You cover ground extremely quickly.))
You need to consume almost no food.


Message History

You shoot a sling bullet.
The sling bullet hits the adder but does no damage.
The adder is almost dead.
You feel sick. The adder barely misses you.
Firing (i - inventory. (/) - cycle)
j - 7 sling bullets (quivered)
Press: ? - help, Shift-Dir - straight line, f/p - adder
Aim: an adder (almost dead)
You shoot a sling bullet. The sling bullet misses the adder.
You feel sick. The adder bites you.
* * * LOW HITPOINT WARNING * * *
You are lethally poisoned!
The adder poisons you! The adder closely misses you.
Firing (i - inventory. (/) - cycle)
j - 6 sling bullets (quivered)
Press: ? - help, Shift-Dir - straight line, f/p - adder
Aim: an adder (almost dead)
You shoot a sling bullet.
The sling bullet closely misses the adder.
* * * LOW HITPOINT WARNING * * *
You feel sick. The adder completely misses you. The adder bites you.
* * * LOW HITPOINT WARNING * * *
You are more poisoned.
The adder poisons you!
You are too injured to fight recklessly!
You are too injured to fight recklessly!
a - a +0 short sword (weapon)
You hit the adder.
You kill the adder!
Trog accepts your kill.
* * * LOW HITPOINT WARNING * * *
You feel sick.
Really quaff
d - 2 potions of berserk rage {!q}?
Okay, then.
Really quaff
f - a blue potion {!q}?
It was a potion of lignification {!q}.
You turn into a tree.
Your roots penetrate the ground.
* * * LOW HITPOINT WARNING * * *
You feel sick.
Really quaff
d - 2 potions of berserk rage {!q}?
A red film seems to cover your vision as you go berserk!
You feel yourself moving faster!
You feel mighty!
* * * LOW HITPOINT WARNING * * *
You feel sick.
You feel a strong urge to attack something.
* * * LOW HITPOINT WARNING * * *
You feel sick.
You feel your anger nearly subside.
You are no longer berserk.
You are exhausted.
You feel yourself slow down.
* * * LOW HITPOINT WARNING * * *
You feel sick.
* * * LOW HITPOINT WARNING * * *
You feel sick.
* * * LOW HITPOINT WARNING * * *
You feel sick.
Really quaff
p - a silvery potion {!q}?
It was a potion of brilliance {!q}.
You feel clever all of a sudden.
* * * LOW HITPOINT WARNING * * *
You feel sick.
* * * LOW HITPOINT WARNING * * *
You feel sick.
Really quaff
d - a potion of berserk rage {!q}?
You're still recovering from your berserk rage.
You die...

........<(((.(.((........#
#####..##.....((###.##....
#....(#..#..# #.# .#..
#...>..##...###.###.#..# .
#.###..##(#####(...(..#
#.....<.[([.###...#
#......####).......
...##### #.(..###. ..##
#.♣..# ### #....# #....#
#..$.# ##.### ... #.# #..


There were no monsters in sight!

Vanquished Creatures
  Sigmund (D:2)
  A phantom (D:3)
  The ghost of Soeti the Insei, an amateur OpTm (D:3)
  A wyvern zombie (D:4)
  A hound (D:4)
  2 orc priests (D:3)
  2 orc wizards (D:4)
  4 gnolls
  6 adders
  An ooze (D:1)
  4 worms
  A dart slug (D:1)
  A leopard gecko (D:2)
  15 orcs
  6 bats
  3 giant cockroaches
  4 goblins
  11 hobgoblins
  4 jackals (D:3)
  A quokka (D:3)
  5 frilled lizards
  7 kobolds
  6 rats
88 creatures vanquished.

Notes
Turn   | Place    | Note
-------+----------+-------------------------------------------
     0 | D:1      | Amnesiac the Spriggan Berserker began the quest for the Orb.
     0 | D:1      | Reached XP level 1. HP: 11/11 MP: 2/2
    17 | D:1      | Reached XP level 2. HP: 16/16 MP: 3/3
  1021 | D:1      | Reached XP level 3. HP: 7/19 MP: 4/4
  1566 | D:2      | Reached ** piety under Trog
  1609 | D:2      | Noticed Sigmund
  1621 | D:2      | Killed Sigmund
  1621 | D:2      | Reached skill level 6 in Dodging
  1621 | D:2      | Reached XP level 4. HP: 25/25 MP: 5/5
  1621 | D:2      | Reached XP level 5. HP: 29/29 MP: 6/6
  2938 | D:3      | Reached XP level 6. HP: 34/34 MP: 7/7
  3566 | D:3      | Noticed Soeti's ghost (amateur OpTm)
  3645 | D:3      | Killed Soeti's ghost
  3645 | D:3      | Reached skill level 5 in Fighting
  3750 | D:3      | Reached *** piety under Trog
  3865 | D:3      | Reached skill level 7 in Dodging
  4436 | D:4      | Found Zaschoupn's Food Boutique.
  4528 | D:3      | Reached XP level 7. HP: 19/39 MP: 8/8
  4743 | D:4      | HP: 2/58 [poisoned by an adder]
  4745 | D:4      | Succumbed to an adder's poison

Vault maps used:
D:1:      dpeg_arrival_lava_altar, serial_co_window_serial,
          co_window_of_opportunity_a, co_window_paths_b, co_window_paths_a,
          co_window_paths_a, co_window_paths_a, co_window_2corner,
          co_window_of_opportunity_b, co_window_corner_ca,
          co_window_unsneaky_path_a, co_window_corner_ca, co_window_corner_b,
          co_window_paths_d, co_window_4corner_a, glass_columns_b,
          glass_columns_c, glass_columns_a
D:2:      first_ration, uniq_sigmund
D:4:      serial_shops, shop, kennysheep_mini_moat, nicolae_shop_statue_plus

Skill      XL: |  1  2  3  4  5  6 |
---------------+-------------------+-----
Short Blades   | 4 |  4.0
Fighting       | 4 5 |  5.9
Dodging        | 6 7 |  7.8

Action                   |  1- 3 |  4- 6 |  7- 9 || total
-------------------------+-------+-------+-------++-------
Melee: Short sword       |    86 |    83 |    17 ||   186
 Fire: Hunting sling     |       |   249 |    19 ||   268
Invok: Berserk           |     3 |     2 |     1 ||     6
  Use: Scroll            |     2 |       |       ||     2
       Potion            |       |       |     3 ||     3
 Stab: Sleeping          |     1 |       |       ||     1
  Eat: Ration            |     1 |     3 |       ||     4
Armor: Robe              |     3 |    17 |     1 ||    21
Dodge: Dodged            |    66 |   160 |    17 ||   243

Table legend:
 A = Spawn XP
 B = Non-spawn XP
 C = Spawn XP percentage of total XP
 D = Spawn monster count
 E = Non-spawn monster count
 F = Spawn count percentage of total count
 G = Total turns spent on level
                    A         B        C        D         E        F      G
               +---------+---------+-------+---------+---------+-------+---------
         Total |       0 |    1012 |   0.0 |       0 |      88 |   0.0 |  4745
               +---------+---------+-------+---------+---------+-------+---------
           D:1 |       0 |      48 |   0.0 |       0 |      18 |   0.0 |  1822
           D:2 |       0 |     325 |   0.0 |       0 |      24 |   0.0 |  1217
           D:3 |       0 |     423 |   0.0 |       0 |      39 |   0.0 |  1560
           D:4 |       0 |     216 |   0.0 |       0 |       7 |   0.0 |   146
               +---------+---------+-------+---------+---------+-------+---------
